EL
JACKSON GENERALS @ BIRMINGHAM BARONS
09/05/2044
 
TOP OF THE 1ST
Jackson Generals batting - Pitching for Birmingham Barons : RHP Eddie Fell
Pitching: RHP Eddie Fell
Batting: RHB Malik Brookshire 0-0: Ground out 4-3 (Groundball, 4, EV 81.3 MPH)
Batting: LHB Ignacio Bernal 0-0: Ball
1-0: Hit by Pitch
Batting: LHB Jerrod Cluck 0-0: Ball
Ignacio Bernal steals 2nd base
1-0: Ball
2-0: Called Strike
2-1: Swinging Strike
2-2: Strikes out swinging
Batting: LHB Cliff Thomas 0-0: Called Strike
0-1: Ball
1-1: Foul Ball, location: 2F
1-2: Ball
2-2: Foul Ball, location: 2F
2-2: Fly out, F6 (Flyball, 56D, EV 83.1 MPH)
Top of the 1st over - 0 runs, 0 hits, 0 errors, 1 left on base; Jackson 0 - Birmingham 0
BOTTOM OF THE 1ST
Birmingham Barons batting - Pitching for Jackson Generals : RHP Tom Graham
Pitching: RHP Tom Graham
Batting: RHB Justin Walker 0-0: Swinging Strike
0-1: SINGLE (Groundball, 6MD, EV 100.6 MPH) (infield hit)
Batting: RHB Dieter Knoops 0-0: Called Strike
0-1: Called Strike
Justin Walker steals 2nd base
0-2: Ball
1-2: Ball
2-2: Strikes out swinging
Batting: LHB Kevin Rolison 0-0: Ball
1-0: Called Strike
1-1: Called Strike
1-2: Fly out, F9 (Flyball, 9, EV 93.8 MPH)
Batting: LHB Ryan Karg 0-0: Called Strike
0-1: Foul Ball, location: 2F
0-2: Ball
1-2: Foul Ball, location: 2F
1-2: Foul Ball, location: 2F
1-2: SINGLE (Flyball, 9LS, EV 92.5 MPH)
Justin Walker to third
Runner from 3rd tries for Home, SAFE, throw by RF to home
Batting: LHB John Looney 0-0: Swinging Strike
0-1: Ball
1-1: Swinging Strike
1-2: TRIPLE (Flyball, 89XD, EV 107.5 MPH)
Ryan Karg scores
Batting: RHB Justin Starnes 0-0: Swinging Strike
0-1: Swinging Strike
0-2: Strikes out swinging
Bottom of the 1st over - 2 runs, 3 hits, 0 errors, 1 left on base; Jackson 0 - Birmingham 2
TOP OF THE 2ND
Jackson Generals batting - Pitching for Birmingham Barons : RHP Eddie Fell
Batting: RHB Tony Vargas 0-0: Called Strike
0-1: Foul Ball, location: 2F
0-2: Ground out 6-3 (Groundball, 4M, EV 88.1 MPH)
Batting: LHB Dwain Ashford 0-0: Called Strike
0-1: Called Strike
0-2: Ball
1-2: Ground out 4-3 (Groundball, 4, EV 76.9 MPH)
Batting: LHB Matt Purke Jr. 0-0: Ball
1-0: Swinging Strike
1-1: SOLO HOME RUN (Flyball, 9D, EV 95.6 MPH), Distance : 371 ft
Batting: RHB Brad Robidas 0-0: Ball
1-0: Called Strike
1-1: Fly out, F3 (Popup, 3SF, EV 84.4 MPH)
Top of the 2nd over - 1 run, 1 hit, 0 errors, 0 left on base; Jackson 1 - Birmingham 2
BOTTOM OF THE 2ND
Birmingham Barons batting - Pitching for Jackson Generals : RHP Tom Graham
Batting: RHB Tony Reyna 0-0: Ball
1-0: Called Strike
1-1: Ball
2-1: Ground out 4-3 (Groundball, 4D, EV 105.0 MPH)
Batting: RHB Bill Williams 0-0: Ball
1-0: Called Strike
1-1: Swinging Strike
1-2: Ball
2-2: Strikes out swinging
Batting: RHB Justin Thacker 0-0: Ball
1-0: Foul Ball, location: 2F
1-1: Ball
2-1: Fly out, F8 (Flyball, 8LD, EV 103.1 MPH)
Bottom of the 2nd over - 0 runs, 0 hits, 0 errors, 0 left on base; Jackson 1 - Birmingham 2
TOP OF THE 3RD
Jackson Generals batting - Pitching for Birmingham Barons : RHP Eddie Fell
Batting: RHB Jesus Torres 0-0: Ball
1-0: Foul Ball, location: 2F
1-1: Ground out 1-3 (Groundball, 13S, EV 64.4 MPH)
Batting: RHB Malik Brookshire 0-0: SINGLE (Line Drive, 8RS, EV 96.3 MPH)
Batting: LHB Ignacio Bernal 0-0: Called Strike
0-1: Ball
1-1: SINGLE (Line Drive, 6M, EV 95.0 MPH)
Malik Brookshire to second
Batting: LHB Jerrod Cluck 0-0: Ball
1-0: Ball
2-0: Fly out, F9 (Flyball, 9, EV 87.5 MPH)
Batting: LHB Cliff Thomas 0-0: Ball
1-0: Swinging Strike
1-1: Swinging Strike
1-2: Ball
2-2: Ball
3-2: Foul Ball, location: 2F
3-2: Fly out, F7 (Flyball, 7LD, EV 103.8 MPH)
Top of the 3rd over - 0 runs, 2 hits, 0 errors, 2 left on base; Jackson 1 - Birmingham 2
BOTTOM OF THE 3RD
Birmingham Barons batting - Pitching for Jackson Generals : RHP Tom Graham
Batting: RHB Justin Walker 0-0: Called Strike
0-1: Ball
1-1: Ball
2-1: Called Strike
2-2: Ball
3-2: Foul Ball, location: 2F
3-2: Reached on error, E6 (Groundball, 6, EV 96.9 MPH)
Batting: RHB Dieter Knoops 0-0: Called Strike
Justin Walker steals 2nd base
0-1: DOUBLE (Groundball, 5L, EV 99.4 MPH)
Justin Walker scores
Batting: LHB Kevin Rolison 0-0: Called Strike
0-1: Foul Ball, location: 2F
0-2: Foul Ball, location: 2F
0-2: Ball
1-2: Ball
2-2: Foul Ball, location: 2F
2-2: Ball
3-2: SINGLE (Line Drive, 5L, EV 110.0 MPH)
Dieter Knoops to third
Batting: LHB Ryan Karg 0-0: Ball
1-0: SINGLE (Line Drive, 8LM, EV 99.4 MPH)
Dieter Knoops scores
Kevin Rolison to second
Batting: LHB John Looney 0-0: Ball
1-0: Reached on error, E5 (Groundball, 56S, EV 82.5 MPH)
Kevin Rolison to third
Ryan Karg to second
Batting: RHB Justin Starnes 0-0: Grounds into double play, 5-4-3 (Groundball, 56S, EV 80.0 MPH)
Kevin Rolison scores
Ryan Karg to third
Pitching: RHP Tony Holley
Batting: RHB Tony Reyna 0-0: SINGLE (Line Drive, 78M, EV 106.9 MPH)
Ryan Karg scores
Batting: RHB Bill Williams 0-0: Ball
1-0: Ball
2-0: Fly out, F8 (Flyball, 8RM, EV 76.9 MPH)
Bottom of the 3rd over - 4 runs, 4 hits, 2 errors, 1 left on base; Jackson 1 - Birmingham 6
TOP OF THE 4TH
Jackson Generals batting - Pitching for Birmingham Barons : RHP Eddie Fell
Batting: RHB Tony Vargas 0-0: Called Strike
0-1: Called Strike
0-2: Ball
1-2: Foul Ball, location: 2F
1-2: Foul Ball, location: 2F
1-2: Ball
2-2: Foul Ball, location: 2F
2-2: Ball
3-2: Foul Ball, location: 2F
3-2: Base on Balls
Batting: LHB Dwain Ashford 0-0: Ball
1-0: Foul Ball, location: 2F
1-1: Ball
2-1: Foul Ball, location: 2F
2-2: Ball
3-2: Ground out 4-3 (Groundball, 34, EV 102.5 MPH)
Tony Vargas to second
Batting: LHB Matt Purke Jr. 0-0: Ground out U3 (Groundball, 13, EV 86.3 MPH)
Tony Vargas to third
Batting: RHB Brad Robidas 0-0: Ball
1-0: Swinging Strike
1-1: Foul Ball, location: 2F
1-2: Ball
2-2: Ball
3-2: Ground out U3 (Groundball, 34, EV 86.3 MPH)
Top of the 4th over - 0 runs, 0 hits, 0 errors, 1 left on base; Jackson 1 - Birmingham 6
BOTTOM OF THE 4TH
Birmingham Barons batting - Pitching for Jackson Generals : RHP Tony Holley
Batting: RHB Justin Thacker 0-0: Foul Ball, location: 2F
0-1: Foul Ball, location: 2F
0-2: Strikes out swinging
Batting: RHB Justin Walker 0-0: Ball
1-0: Swinging Strike
1-1: Called Strike
1-2: Ball
2-2: Strikes out swinging
Batting: RHB Dieter Knoops 0-0: Fly out, F8 (Flyball, 8RD, EV 101.9 MPH)
Bottom of the 4th over - 0 runs, 0 hits, 0 errors, 0 left on base; Jackson 1 - Birmingham 6
TOP OF THE 5TH
Jackson Generals batting - Pitching for Birmingham Barons : RHP Eddie Fell
Batting: RHB Jesus Torres 0-0: Ball
1-0: Foul Ball, location: 2F
1-1: Swinging Strike
1-2: Ball
2-2: Strikes out swinging
Batting: RHB Malik Brookshire 0-0: SINGLE (Flyball, 3D, EV 98.1 MPH)
Batting: LHB Ignacio Bernal 0-0: Ball
1-0: Ball
2-0: Fly out, F7 (Flyball, 7S, EV 83.8 MPH)
Batting: LHB Jerrod Cluck 0-0: Called Strike
Malik Brookshire steals 2nd base
0-1: Swinging Strike
0-2: Ball
1-2: Foul Ball, location: 2F
1-2: Ball
2-2: Foul Ball, location: 2F
2-2: Fly out, F8 (Flyball, 78XD, EV 101.9 MPH)
Top of the 5th over - 0 runs, 1 hit, 0 errors, 1 left on base; Jackson 1 - Birmingham 6
BOTTOM OF THE 5TH
Birmingham Barons batting - Pitching for Jackson Generals : RHP Tony Holley
Batting: LHB Kevin Rolison 0-0: Foul Ball, location: 2F
0-1: Ball
1-1: Ball
2-1: Foul Ball, location: 2F
2-2: Ball
3-2: Base on Balls
Batting: LHB Ryan Karg 0-0: Swinging Strike
0-1: Foul Ball, location: 2F
0-2: Ball
1-2: Ball
2-2: Fielders Choice at 2nd, 2-6 (Groundball, 2R, EV 65.6 MPH)
Batting: LHB John Looney 0-0: Ball
1-0: Foul Ball, location: 2F
1-1: Foul Ball, location: 2F
1-2: Fielders Choice at 2nd, 3-6 (Groundball, 3, EV 78.8 MPH)
Batting: RHB Justin Starnes 0-0: Ball
1-0: Foul Ball, location: 2F
1-1: Ball
2-1: Called Strike
2-2: Ball
3-2: TRIPLE (Flyball, 9D, EV 103.1 MPH)
John Looney scores
Batting: RHB Tony Reyna 0-0: Called Strike
0-1: Foul Ball, location: 2F
0-2: Fly out, F8 (Flyball, 8RXD, EV 84.4 MPH)
Bottom of the 5th over - 1 run, 1 hit, 0 errors, 1 left on base; Jackson 1 - Birmingham 7
TOP OF THE 6TH
Jackson Generals batting - Pitching for Birmingham Barons : RHP Eddie Fell
Pitching: RHP Jim Milch
Batting: LHB Cliff Thomas 0-0: Ball
1-0: Called Strike
1-1: Ball
2-1: Swinging Strike
2-2: Strikes out swinging
Batting: RHB Tony Vargas 0-0: Ball
1-0: Foul Ball, location: 2F
1-1: Swinging Strike
1-2: Foul Ball, location: 2F
1-2: Foul Ball, location: 2F
1-2: Foul Ball, location: 2F
1-2: SINGLE (Line Drive, 34, EV 103.1 MPH)
Batting: LHB Dwain Ashford 0-0: Ground out 6-3 (Groundball, P, EV 87.5 MPH)
Tony Vargas to second
Batting: LHB Matt Purke Jr. 0-0: Called Strike
0-1: Foul Ball, location: 2F
0-2: 2-RUN HOME RUN (Line Drive, 9D, EV 105.6 MPH), Distance : 397 ft
Batting: RHB Brad Robidas 0-0: Ground out 6-3 (Groundball, 6, EV 105.6 MPH)
Top of the 6th over - 2 runs, 2 hits, 0 errors, 0 left on base; Jackson 3 - Birmingham 7
BOTTOM OF THE 6TH
Birmingham Barons batting - Pitching for Jackson Generals : RHP Tony Holley
Batting: RHB Bill Williams 0-0: Ball
1-0: Foul Ball, location: 2F
1-1: Foul Ball, location: 2F
1-2: Strikes out looking
Pitching: RHP Tyler Rayner
Batting: RHB Justin Thacker 0-0: Called Strike
0-1: Ground out 5-3 (Groundball, 56S, EV 79.4 MPH)
Batting: RHB Justin Walker 0-0: Swinging Strike
0-1: Ball
1-1: Ball
2-1: SINGLE (Line Drive, 6D, EV 98.8 MPH)
Batting: RHB Dieter Knoops 0-0: Ball
Justin Walker is caught stealing 2nd base 2-4
Bottom of the 6th over - 0 runs, 1 hit, 0 errors, 0 left on base; Jackson 3 - Birmingham 7
TOP OF THE 7TH
Jackson Generals batting - Pitching for Birmingham Barons : RHP Jim Milch
Batting: RHB Jesus Torres 0-0: Swinging Strike
0-1: Ball
1-1: Ball
2-1: Swinging Strike
2-2: Strikes out swinging
Batting: RHB Malik Brookshire 0-0: Ball
1-0: Ball
2-0: Called Strike
2-1: Ball
3-1: Called Strike
3-2: Base on Balls
Batting: LHB Ignacio Bernal 0-0: Ball
1-0: Foul Ball, location: 2F
1-1: Foul Ball, location: 2F
1-2: Fly out, F8 (Flyball, 8LS, EV 86.9 MPH)
Batting: LHB Jerrod Cluck 0-0: Called Strike
0-1: Called Strike
Malik Brookshire steals 2nd base
0-2: Ball
1-2: Ball
2-2: Foul Ball, location: 2F
2-2: Ground out U3 (Groundball, 3, EV 88.1 MPH)
Top of the 7th over - 0 runs, 0 hits, 0 errors, 1 left on base; Jackson 3 - Birmingham 7
BOTTOM OF THE 7TH
Birmingham Barons batting - Pitching for Jackson Generals : RHP Tyler Rayner
Batting: RHB Dieter Knoops 0-0: Ball
1-0: Ball
2-0: Ball
3-0: Base on Balls
Batting: LHB Kevin Rolison 0-0: Ball
1-0: Foul Ball, location: 2F
1-1: Foul Ball, location: 2F
1-2: Ball
Wild Pitch!
Dieter Knoops to second
2-2: Foul Ball, location: 2F
2-2: Ball
3-2: SINGLE (Line Drive, 34D, EV 99.4 MPH)
Dieter Knoops to third
Batting: LHB Ryan Karg 0-0: Fielders Choice at 2nd, 3-6 (Groundball, 3S, EV 81.9 MPH)
Dieter Knoops scores
Batting: LHB John Looney 0-0: Swinging Strike
0-1: Ball
1-1: Ball
2-1: Foul Ball, location: 2F
2-2: Foul Ball, location: 2F
2-2: DOUBLE (Line Drive, 89M, EV 104.4 MPH)
Ryan Karg to third
Batting: RHB Justin Starnes 0-0: DOUBLE (Line Drive, 78XD, EV 111.3 MPH)
Ryan Karg scores
John Looney scores
Batting: RHB Tony Reyna 0-0: Ground out 4-3 (Groundball, P, EV 83.8 MPH)
Justin Starnes to third
Batting: RHB Bill Williams 0-0: Called Strike
0-1: Foul Ball, location: 2F
0-2: Foul Ball, location: 2F
0-2: Foul Ball, location: 2F
0-2: Ball
1-2: Ground out U3 (Groundball, 34S, EV 84.4 MPH)
Bottom of the 7th over - 3 runs, 3 hits, 0 errors, 1 left on base; Jackson 3 - Birmingham 10
TOP OF THE 8TH
Jackson Generals batting - Pitching for Birmingham Barons : RHP Jim Milch
Batting: LHB Cliff Thomas 0-0: Called Strike
0-1: Swinging Strike
0-2: Ball
1-2: Foul Ball, location: 2F
1-2: Ball
2-2: Foul Ball, location: 2F
2-2: Ground out 5-3 (Groundball, 56, EV 96.3 MPH)
Batting: RHB Tony Vargas 0-0: Ball
1-0: SINGLE (Groundball, 34D, EV 96.3 MPH)
Pitching: RHP John Pena
Batting: LHB Dwain Ashford 0-0: Called Strike
0-1: SINGLE (Groundball, 34D, EV 99.4 MPH)
Tony Vargas to second
Batting: LHB Matt Purke Jr. 0-0: Ball
1-0: Ball
2-0: Foul Ball, location: 2F
2-1: Swinging Strike
2-2: Foul Ball, location: 2F
2-2: Foul Ball, location: 2F
2-2: Grounds into double play, 4-6-3 (Groundball, 4, EV 86.9 MPH)
Top of the 8th over - 0 runs, 2 hits, 0 errors, 1 left on base; Jackson 3 - Birmingham 10
BOTTOM OF THE 8TH
Birmingham Barons batting - Pitching for Jackson Generals : RHP Tyler Rayner
Batting: RHB Justin Thacker 0-0: Ball
1-0: Called Strike
1-1: Ball
2-1: Foul Ball, location: 2F
2-2: Ground out U3 (Groundball, 34S, EV 82.5 MPH)
DELAY Rain delay of 20 minutes in the 8th inning.
Pitching: RHP Matt Crone
Pinch Hitting: RHB Casey McKinney 0-0: Called Strike
0-1: Fly out, F8 (Flyball, 89D, EV 110.6 MPH)
Batting: RHB Dieter Knoops 0-0: Called Strike
0-1: Ground out 6-3 (Groundball, 6, EV 94.4 MPH)
Bottom of the 8th over - 0 runs, 0 hits, 0 errors, 0 left on base; Jackson 3 - Birmingham 10
TOP OF THE 9TH
Jackson Generals batting - Pitching for Birmingham Barons : RHP John Pena
Now in CF: Casey McKinney
Batting: RHB Brad Robidas 0-0: Foul Ball, location: 2F
0-1: Ball
1-1: Fly out, F7 (Flyball, 7S, EV 93.1 MPH)
Pinch Hitting: LHB Tom Reynolds 0-0: Swinging Strike
0-1: Ground out 1-3 (Groundball, 15S, EV 72.5 MPH)
Batting: RHB Malik Brookshire 0-0: Swinging Strike
0-1: SINGLE (Groundball, 6MD, EV 108.8 MPH)
Batting: LHB Ignacio Bernal 0-0: Ball
1-0: Called Strike
1-1: Foul Ball, location: 2F
1-2: Strikes out swinging
Top of the 9th over - 0 runs, 1 hit, 0 errors, 1 left on base; Jackson 3 - Birmingham 10
Thursday, March 31st , 2022 - OOTP Baseball 22.12 Build 89